AoeStats
← jbeacen2

Black Forest

510206418Analyzed
4v4 RM · 1d ago on Sep 29, 2026· 44m 38s· 8 players
Game mode
Random Map
Map size
Large (8 player)
Population
200
Speed
Normal
Resources
Standard
Victory
Conquest
Starting age
Dark Age
Ending age
Imperial Age
RankedLock teamsTeams togetherTeam positionsShared explorationLock speedFull tech treeHidden civsTurbo modeCheats
Victory
Defeat
🇫🇷 Khmer · France
746
+10
🇺🇸 Bulgarians · United States
744
+10
🇮🇳 Goths · India
729
+11
🇪🇸 Chinese · Spain
555
+17
🇨🇳 Ethiopians · China
644
-14
🇺🇸 Byzantines · United States
640
-13
🇺🇸 Japanese · United States
580
-11
🇳🇿 Saxons · New Zealand
558
-10
zelda699
1:10 Loom
12:07 Feudal Age
12:36 Double-Bit Axe
14:48 Wheelbarrow
19:10 Gold Mining
19:06 Horse Collar
26:19 Castle Age
28:16 Bow Saw
28:13 Heavy Plow
28:56 Gold Shaft Mining
30:02 Squires
29:55 Arson
32:52 Hand Cart
32:46 Pikeman
34:55 Forging
34:46 Scale Mail Armor
alexgolan
0:47 Loom
18:19 Feudal Age
18:59 Horse Collar
19:06 Double-Bit Axe
19:16 Gold Mining
19:20 Stone Mining
21:04 Wheelbarrow
29:32 Castle Age
28:45 Scale Barding Armor
28:52 Forging
28:44 Scale Mail Armor
30:22 Fletching
31:19 Gold Shaft Mining
30:48 Heavy Plow
31:01 Bow Saw
31:32 Stone Shaft Mining
33:15 Chain Barding Armor
33:12 Chain Mail Armor
33:22 Husbandry
33:17 Treadmill Crane
33:58 Ballistics
35:33 Iron Casting
40:05 Imperial Age
37:13 Pikeman
37:54 Squires
39:27 Fortified Wall
39:17 Murder Holes
40:32 Halberdier
42:02 Hoardings
41:51 Conscription
42:10 Plate Barding Armor
42:06 Plate Mail Armor
42:42 Crop Rotation
43:15 Two-Man Saw
42:54 Bodkin Arrow
44:22 Chemistry
42:56 Cavalier
WINGER
0:38 Loom
11:30 Feudal Age
16:50 Castle Age
15:10 Horse Collar
15:23 Double-Bit Axe
16:35 Stone Mining
18:04 Bow Saw
18:11 Heavy Plow
18:53 Stone Shaft Mining
22:14 Gold Mining
24:50 Gold Shaft Mining
30:58 Imperial Age
29:44 Wheelbarrow
30:55 Hand Cart
32:46 Chemistry
31:52 Siege Engineers
33:01 Two-Man Saw
33:03 Torsion Engines
33:24 Conscription
33:07 Fletching
33:22 Padded Archer Armor
32:53 Onager
34:39 Bodkin Arrow
35:00 Leather Archer Armor
35:26 Guilds
35:17 Caravan
Lag
13:47 Feudal Age
20:34 Castle Age
18:47 Horse Collar
21:42 Heavy Plow
Booger Flicker X
jbeacen2
0:44 Loom
18:29 Feudal Age
20:57 Horse Collar
21:07 Double-Bit Axe
21:19 Gold Mining
22:30 Stone Mining
27:11 Castle Age
27:13 Arson
29:10 Pikeman
29:51 Squires
31:06 Heavy Plow
31:24 Bow Saw
31:26 Padded Archer Armor
31:18 Fletching
32:45 Leather Archer Armor
32:26 Bodkin Arrow
35:30 Imperial Age
35:35 Ballistics
36:31 Thumb Ring
37:31 Capped Ram
39:27 Stone Shaft Mining
39:28 Gold Shaft Mining
40:20 Siege Ram
42:07 Chemistry
42:58 Two-Man Saw
42:59 Ring Archer Armor
42:30 Bracer
44:43 Rocketry
Corona
0:48 Loom
12:30 Feudal Age
16:35 Castle Age
15:34 Double-Bit Axe
15:32 Horse Collar
17:57 Wheelbarrow
19:58 Stone Mining
23:03 Fervor
23:28 Bow Saw
23:21 Heavy Plow
24:33 Gold Mining
25:51 Stone Shaft Mining
27:08 Gold Shaft Mining
27:58 Hand Cart
32:23 Imperial Age
29:39 Town Watch
31:34 Husbandry
31:45 Bloodlines
32:02 Light Cavalry
32:43 Elite Ballista Elephant
33:26 Double Crossbow
33:49 Conscription
34:38 Crop Rotation
33:34 Hussar
34:27 Scale Barding Armor
36:25 Chain Barding Armor
36:16 Forging
39:55 Plate Barding Armor
39:56 Iron Casting
40:27 Chemistry
39:33 Siege Engineers
xxbysnipxx
11:38 Feudal Age
15:53 Castle Age
13:52 Double-Bit Axe
16:16 Stone Mining
24:28 Horse Collar
25:24 Bow Saw
29:39 Wheelbarrow
31:17 Heavy Plow
34:07 Imperial Age
31:38 Gold Mining
32:33 Scale Mail Armor
32:43 Forging
33:14 Hand Cart
33:17 Anarchy
33:50 Chain Mail Armor
34:10 Iron Casting
35:08 Iron Casting
34:54 Elite Huskarl
37:25 Crop Rotation
38:48 Perfusion
39:58 Conscription
43:49 Blast Furnace
42:48 Treadmill Crane
43:45 Squires
43:51 Squires
Connection lost

Rejoining the realm…

Still unreachable

The connection could not be restored.

Session expired

The server has moved on; the page needs a fresh start.